 Dungeon Crawl Stone Soup version 0.30.1-4-g462c640d31 (webtiles) character file.

Game seed: 10137676449059657033

25259 growler the Stormcaller (level 13, -5/75 HPs)
             Began as a Tengu Air Elementalist on Aug 26, 2023.
             Was a High Priest of Hepliaklqana.
             Slain by a black mamba (13 damage)
             ... on level 3 of the Lair of Beasts.
             The game lasted 00:55:24 (19089 turns).

growler the Stormcaller (Tengu Air Elementalist)   Turns: 19089, Time: 00:55:24

Health: -5/75      AC:  7    Str: 16    XL:     13   Next: 18%
Magic:  21/23      EV: 14    Int: 19    God:    Hepliaklqana [*****.]
Gold:   1077       SH: 19    Dex: 15    Spells: 14/24 levels left

rFire   . . .        g - +3 dagger (venom)
rCold   + . .        C - +3 kite shield
rNeg    . . .        H - +0 steam dragon scales
rPois   .            K - +0 hat {Stlth+}
rElec   .            z - +0 cloak
rCorr   .            n - +0 pair of gloves
SInv    .            (boots unavailable)
Will    .....        l - amulet of reflection
Stlth   +++          o - ring of protection from cold
HPRegen 0.32/turn    p - +6 ring of strength
MPRegen 0.18/turn

%: reflection
@: flying quickly and evasively, quick
A: reduced essence, beak, talons 3, nimble flight
a: Renounce Religion, Recall Ancestor, Ancestor Identity, Transference, Idealise


You were on level 3 of the Lair of Beasts.
You worshipped Hepliaklqana.
Hepliaklqana was extremely pleased with you.
You visited 3 branches of the dungeon, and saw 15 of its levels.

You collected 1110 gold pieces.
You spent 33 gold pieces at shops.

Inventory:

Hand Weapons
 g - a +3 dagger of venom (weapon)
Missiles
 D - a throwing net
Armour
 n - a +0 pair of gloves (worn)
 z - a +0 cloak (worn)
 C - a +3 kite shield (worn)
 H - +0 steam dragon scales (worn)
 K - a +0 hat of stealth (worn)
Jewellery
 l - an amulet of reflection (around neck)
 o - a ring of protection from cold (left hand)
 p - a +6 ring of strength (right hand)
 R - a ring of fire
Wands
 r - a wand of polymorph (7)
 G - a wand of iceblast (14)
 M - a wand of charming (12)
 P - a wand of flame (14)
Scrolls
 m - 7 scrolls of teleportation
 t - a scroll of magic mapping
 v - a scroll of brand weapon
 x - 3 scrolls of poison
 y - 2 scrolls of immolation
 A - a scroll of enchant armour
 F - a scroll of vulnerability
 I - 2 scrolls of fear
 J - 3 scrolls of amnesia
 L - a scroll of silence
 N - a scroll of summoning
 O - 2 scrolls of enchant weapon
Potions
 b - 2 potions of magic
 c - 2 potions of heal wounds
 d - a potion of ambrosia
 e - 2 potions of attraction
 h - 4 potions of brilliance
 i - 6 potions of might
 j - 4 potions of curing
 k - 3 potions of lignification
 q - 4 potions of invisibility
 s - a potion of berserk rage
 w - a potion of mutation
 B - 2 potions of cancellation
 E - 2 potions of flight


   Skills:
 + Level 11.6 Fighting
 + Level 3.1 Short Blades
 + Level 3.9 Dodging
 - Level 2.0 Stealth
 - Level 10.0 Shields
 - Level 6.0 Spellcasting
 - Level 5.0 Conjurations
 + Level 17.6 Air Magic


You had 14 spell levels left.
You knew the following spells:

 Your Spells              Type           Power      Damage    Failure   Level
a - Shock                 Conj/Air       100%       1d9       1%          1
b - Static Discharge      Conj/Air       96%        2-6/arc   1%          2
c - Swiftness             Air            64%        N/A       1%          3
d - Airstrike             Air            32%        2d(5-21)  1%          4

Your spell library contained the following spells:

 Spells                   Type           Power      Damage    Failure   Level
 Momentum Strike          Conj/Tloc      30%        3d8       13%         2
 Apportation              Tloc           10%        N/A       24%         1
 Necrotise                Necr           20%        1d5       24%         1
 Slow                     Hex            20%        N/A       24%         1
 Dazzling Flash           Conj/Hex       30%        N/A       26%         3
 Blink                    Tloc           10%        N/A       34%         2
 Ensorcelled Hibernation  Hex/Ice        10%        N/A       34%         2
 Lesser Beckoning         Tloc           10%        N/A       34%         2
 Confusing Touch          Hex            5%         N/A       56%         3
 Spider Form              Tmut/Pois      5%         N/A       56%         3
 Vampiric Draining        Necr           5%         2d6       56%         3
 Volatile Blastmotes      Fire/Tloc      10%        2d10      56%         3
 Iskenderun's Mystic Bla  Conj/Tloc      15%        2d5       63%         4
 Anguish                  Hex/Necr       2%         N/A       93%         4
 Agony                    Necr           5%         N/A       100%        5
 Alistair's Intoxication  Tmut/Pois      3%         N/A       100%        5
 Starburst                Conj/Fire      7%         6d4       100%        6


Dungeon Overview and Level Annotations

Branches:
Dungeon (11/15)            Temple (1/1) D:4            Lair (3/5) D:11
    Orc (0/2) D:11
  Swamp: Lair:2-3    Shoals: Lair:2-3     Snake: Lair:2-3    Spider: Lair:2-3

Altars:
Ashenzari
Cheibriados
Dithmenos
Elyvilon
Fedhas
Gozag
Hepliaklqana
Kikubaaqudgha
Makhleb
Nemelex Xobeh
Okawaru
Qazlal
Ru
Sif Muna
Trog
Vehumet
Xom
Yredelemnul
Zin
The Shining One

Shops:
D:4 ?

Annotations:
D:5 2 transporters, Fecro's ghost, novice SpBr
Temple 2 transporters


Innate Abilities, Weirdness & Mutations

Your life essence is reduced to manifest your ancestor. (-10% HP)
You have a beak for a mouth.
You have claws for feet.
Your magical nature lets you fly swiftly and evasively.


Message History

The black mamba bites you but does no damage.
The black mamba attacks as you move away!
You block the black mamba's attack.
You feel very sick.
The yak gores Reggie B!
Something gores Reggie B!
You feel very sick. The black mamba closely misses you.
Something gores Reggie B!
You feel sick. You block the black mamba's attack.
You feel sick.
There is a stone staircase leading up here.
You feel sick. You block the black mamba's attack.
The dream sheep shake their wool and sparkle.
You feel drowsy...
You fall asleep.
You stop ascending the stairs.
The black mamba bites you!!!
You wake up.
* * * LOW HITPOINT WARNING * * *
Unknown command.
Blink to where?
Press: ? - help, Dir - move target
As you read the scroll of blinking, it crumbles to dust.
You feel sick.
You feel sick.
You feel sick.
You feel sick.
You feel sick.
Reggie B is recalled.
You feel sick.
You are no longer poisoned.
Reggie B is no longer moving slowly.
You block the black mamba's attack. x2
You block the black mamba's attack.
The dream sheep ruffles its wool and motes of dream dust sparkle, to no effect.
Casting: Airstrike (safe; 1% risk of failure)
Confirm with . or Enter, or press ? or * to list all spells.
Okay, then.
The black mamba attacks as you move away!
The black mamba completely misses you. The black mamba barely misses you.
Reggie B hits the black mamba with a +0 dagger of draining!
Reggie B drains the black mamba.
The black mamba bites you!
You die...

.............†...†..........
#...................<.......
#...........................
#.P..####.#...P.............
#.#### #####P...........#..
#.# ##...PPP........ #.#
#....#####...... #.###
####....## ...#..
....######..#...@.# .....#
................S##
...#.#'##...P...R#
...#........+....# ..#..P.
............#....# .......
...P.............# ♣P.......
...#.............♣♣
........#
................w.♣ #.......
............#.....♣♣
♣♣♣.......


You could see the friendly Reggie B the hexer, a tyrant leech and a black mamba
(drained).

Vanquished Creatures
  Gastronok (D:8)
  A hydra (Lair:2)
  2 boulder beetles (D:11)
  A skyshark (Lair:2)
  A wolf spider zombie (D:8)
  A deep elf pyromancer (D:7)
  A black mamba (Lair:1)
  A gargoyle (D:10)
  A centaur skeleton (D:8)
  3 cane toads
  An unseen horror (D:11)
  A rime drake (D:11)
  7 komodo dragons
  Maggie (D:7)
  4 unseen horror zombies (D:9)
  2 hellwings (D:8)
  A hornet (D:9)
  3 shadows
  Sigmund (D:5)
  A wyvern (D:8)
  Grum (D:8)
  16 yaks
  A basilisk (Lair:1)
  4 vampire mosquitoes (D:11)
  2 wargs (D:11)
  An acid dragon (D:11)
  Duvessa (D:5)
  5 water moccasins
  An ice beast (D:7)
  2 orc warriors
  A sky beast (D:8)
  8 wolves
  6 centaurs
  A kobold brigand (D:9)
  2 phantoms
  7 bullfrogs
  2 gnoll sergeants
  2 scorpions
  4 wights (D:8)
  4 killer bees (D:9)
  3 howler monkeys
  4 electric eels
  3 centaur zombies (D:9)
  7 hounds
  A gnoll bouda (D:5)
  An orc priest (D:7)
  A jelly (D:5)
  A sleepcap (D:7)
  A hexer (D:9)
  10 iguanas
  3 orc wizards
  5 ogre zombies (D:11)
  2 howler monkey zombies (D:9)
  Robin (D:4)
  9 gnolls
  6 adders
  3 shadow imps (D:8)
  An ufetubus (D:7)
  4 worms
  4 dart slugs
  18 orcs
  7 ball pythons
  4 endoplasms
  2 giant cockroaches (D:2)
  10 hobgoblins
  34 kobolds
  6 quokkas
  5 bats
  14 frilled lizards
  15 goblins
  2 hobgoblin zombies (D:11)
  2 orc skeletons (D:11)
  10 orc zombies (D:11)
  19 rats (D:2)
324 creatures vanquished.

Vanquished Creatures (collateral kills)
  Nergalle (Lair:1)
  2 centaur zombies
  3 centaur skeletons (D:8)
  A torpor snail (Lair:1)
  2 komodo dragons (D:11)
  An unseen horror (D:10)
  2 trolls (D:10)
  Grinder (D:6)
  5 yaks
  A basilisk (Lair:1)
  A steam dragon (D:7)
  Edmund (D:6)
  A warg (D:11)
  2 acid dragons (D:10)
  2 black bears
  An ogre (D:5)
  A wolf (D:8)
  2 kobold brigands
  A scorpion (D:6)
  A bullfrog (D:7)
  A wight (D:8)
  Dowan (D:5)
  A killer bee (D:9)
  A troll zombie (D:11)
  A hound (D:5)
  An orc priest (D:5)
  An iguana (D:11)
  5 orc wizards
  6 gnolls
  2 orcs
  A goblin (D:4)
  2 kobolds
  2 frilled lizards (D:11)
  A goblin zombie (D:11)
  A hobgoblin skeleton (D:11)
  3 orc zombies (D:11)
62 creatures vanquished.

Vanquished Creatures (others)
  7 hexers
  An ancestor (D:5)
8 creatures vanquished.

Grand Total: 394 creatures vanquished

Notes
Turn   | Place    | Note
-------+----------+-------------------------------------------
     0 | D:1      | growler the Tengu Air Elementalist began the quest for the
                  | Orb.
     0 | D:1      | Reached XP level 1. HP: 10/10 MP: 4/4
   275 | D:1      | Reached XP level 2. HP: 15/15 MP: 1/6
   327 | D:1      | Learned a level 2 spell: Static Discharge
  1133 | D:2      | Reached XP level 3. HP: 19/19 MP: 5/7
  1937 | D:2      | Reached XP level 4. HP: 20/24 MP: 2/9
  1960 | D:2      | Reached skill level 5 in Air Magic
  3007 | D:4      | Gained mutation: Your magical nature lets you fly swiftly
                  | and evasively. [Tengu growth]
  3007 | D:4      | Reached XP level 5. HP: 27/28 MP: 4/10
  3071 | D:4      | Found Cazas's Magic Scroll Emporium.
  3081 | D:4      | Bought a scroll of teleportation for 33 gold pieces
  3123 | D:4      | Found a staircase to the Ecumenical Temple.
  3134 | Temple   | Entered the Ecumenical Temple
  3134 | Temple   | Found a transporter.
  3134 | Temple   | Found a transporter.
  3136 | Temple   | Found a transporter.
  3136 | Temple   | Found a transporter.
  3150 | Temple   | Became a worshipper of Hepliaklqana the Forgotten
  3161 | Temple   | Learned a level 3 spell: Swiftness
  3177 | Temple   | Learned a level 4 spell: Airstrike
  3275 | D:4      | Noticed Robin
  3317 | D:4      | Killed Robin
  3587 | D:4      | Reached skill level 6 in Air Magic
  3587 | D:4      | Reached XP level 6. HP: 27/32 MP: 0/12
  4078 | D:4      | Reached skill level 5 in Conjurations
  4390 | D:5      | Entered Level 5 of the Dungeon
  4390 | D:5      | Noticed an orc warrior
  4618 | D:5      | Reached * piety under Hepliaklqana
  4651 | D:5      | Reached XP level 7. HP: 13/32 MP: 2/14
  4733 | D:5      | Noticed Fecro's ghost (novice SpBr)
  4754 | D:5      | Reached skill level 7 in Air Magic
  4852 | D:5      | Noticed Dowan
  4991 | D:5      | Killed Dowan
  4992 | D:5      | Reached skill level 5 in Spellcasting
  5109 | D:5      | Found a transporter.
  5110 | D:5      | Found a transporter.
  5423 | D:5      | Reached skill level 8 in Air Magic
  5616 | D:5      | Noticed Duvessa
  5622 | D:5      | Killed Duvessa
  5623 | D:5      | Reached XP level 8. HP: 33/36 MP: 0/17
  6020 | D:5      | Reached skill level 9 in Air Magic
  6357 | D:5      | Noticed Sigmund
  6381 | D:5      | Killed Sigmund
  6382 | D:5      | Reached skill level 10 in Air Magic
  6609 | D:6      | Reached skill level 1 in Fighting
  6738 | D:6      | Reached ** piety under Hepliaklqana
  6744 | D:6      | Noticed Edmund
  6745 | D:6      | Remembered your ancestor Reggie B as a hexer
  6756 | D:6      | Killed Edmund
  6818 | D:6      | Noticed Grinder
  6828 | D:6      | Killed Grinder
  6829 | D:6      | Reached skill level 11 in Air Magic
  6829 | D:6      | Reached XP level 9. HP: 44/44 MP: 16/19
  7403 | D:6      | You are sucked into a shaft and drop 2 floors!
  7404 | D:8      | Found a flagged portal.
  7800 | D:7      | Reached skill level 12 in Air Magic
  7969 | D:7      | Reached skill level 5 in Fighting
  8389 | D:7      | Found a shadowy altar of Dithmenos.
  8539 | D:7      | Noticed Maggie
  8543 | D:7      | Killed Maggie
  8544 | D:7      | Reached skill level 1 in Shields
  8848 | D:7      | Reached *** piety under Hepliaklqana
  8883 | D:7      | Noticed a deep elf pyromancer
  8889 | D:7      | Killed a deep elf pyromancer
  8890 | D:7      | Reached skill level 13 in Air Magic
  8890 | D:7      | Reached XP level 10. HP: 18/54 MP: 7/20
  9393 | D:7      | Identified the +3 chain mail of the Three Friars {rN+}
 10016 | D:8      | Noticed Gastronok
 10038 | D:8      | Killed Gastronok
 10039 | D:8      | Reached skill level 5 in Shields
 10039 | D:8      | Reached skill level 14 in Air Magic
 10072 | D:8      | Reached XP level 11. HP: 58/61 MP: 2/21
 10189 | D:8      | Noticed Grum
 10194 | D:8      | Killed Grum
 11225 | D:9      | Reached skill level 15 in Air Magic
 11906 | D:9      | Found a basalt altar of Yredelemnul.
 11912 | D:9      | Reached **** piety under Hepliaklqana
 12527 | D:10     | Entered Level 10 of the Dungeon
 13044 | D:10     | Found an ancient bone altar of Kikubaaqudgha.
 13044 | D:10     | Found a glowing golden altar of the Shining One.
 13168 | D:10     | Found a bloodstained altar of Trog.
 13173 | D:10     | Found a faded altar of an unknown god.
 13175 | D:10     | Found a faded altar of an unknown god.
 13316 | D:10     | Reached XP level 12. HP: 52/69 MP: 4/22
 13593 | D:11     | Noticed a boulder beetle
 13677 | D:11     | Killed a boulder beetle
 13678 | D:11     | Reached skill level 16 in Air Magic
 13726 | D:11     | Reached skill level 10 in Fighting
 14528 | D:11     | Found a staircase to the Orcish Mines.
 15209 | D:11     | Noticed a boulder beetle
 15218 | D:11     | Killed a boulder beetle
 15337 | D:11     | Found a staircase to the Lair.
 15775 | D:11     | Identified the +2 trident of the Blushing Gods {spect,
                  | rPois Str+3}
 16013 | Lair:1   | Entered Level 1 of the Lair of Beasts
 16140 | Lair:1   | Noticed Nergalle
 16450 | Lair:1   | Reached skill level 17 in Air Magic
 16738 | Lair:1   | Killed Nergalle
 16927 | Lair:1   | Reached skill level 10 in Shields
 16929 | Lair:1   | Reached skill level 1 in Short Blades
 17459 | Lair:2   | Reached ***** piety under Hepliaklqana
 17480 | Lair:2   | Reached XP level 13. HP: 75/75 MP: 6/23
 19089 | Lair:3   | Slain by a black mamba

Illustrated notes

Levels and vault maps discovered:
D:1:      dpeg_arrival_tiny_g, layout_basic
D:2:      layout_loops_ring, minmay_rat_hole
D:3:      corexii_shack_village, layout_loops_ring
D:4:      layout_basic, minmay_temple_entry_mist, enter_ossuary_1, serial_shops,
          shop, kennysheep_dice, uniq_robin
D:5:      layout_layer_cave, gammafunk_ghost_hive, minmay_gold_behind_fungi,
          uniq_duvessa, uniq_sigmund
D:6:      kennysheep_kobold_camp, layout_cave_pods, uniq_grinder, uniq_edmund
D:7:      layout_basic, lemuel_round_altar, guppyfry_early_elven_hall,
          uniq_menkaure, uniq_maggie
D:8:      cheibrodos_grave_circle, layout_cave_pools, enter_bailey_2, uniq_grum,
          uniq_gastronok
D:9:      layout_roguey, nicolae_yredelemnul_corpse_copse
D:10:     layout_loops_ring, chequers_temple_overflow_minitemple
D:11:     lemuel_reptile_caves, layout_irregular_city,
          erik_lair_orcish_takeover, zombieorc1_lemuel
Temple:   hellmonk_temple_divided_pantheon
Lair:1:   layout_gridlike, serial_bayou_shore_b, grunt_megastairs_3,
          infiniplex_staircase_pool, uniq_nergalle
Lair:2:   layout_regular_city, serial_bayou_shore_a
Lair:3:   layout_chaotic_city, minmay_swamp_entry_worms,
          hellmonk_spider_entry_not_the_bees

Skill      XL: |  1  2  3  4  5  6  7  8  9 10 11 12 13 |
---------------+----------------------------------------+-----
Conjurations   | 2 3 4 5 |  5.0
Air Magic      | 5 6 8 11 13 14 15 17 | 17.6
Spellcasting   | 3 4 5 6 |  6.0
Fighting       | 2 6 8 9 11 | 11.6
Shields        | 3 5 8 10 | 10.0
Short Blades   | 1 3 |  3.1
Dodging        | 3 |  3.9
Stealth        | |  2.0

Action                     |  1- 3 |  4- 6 |  7- 9 | 10-12 | 13-15 || total
---------------------------+-------+-------+-------+-------+-------++-------
  Melee: Dagger            |    12 |    29 |    22 |   158 |     6 ||   227
         Peck              |     2 |     3 |     3 |    48 |     3 ||    59
         Kick              |     2 |     6 |     5 |    86 |     3 ||   102
   Cast: Shock             |    82 |   110 |   166 |    21 |       ||   379
         Static Discharge  |     2 |    11 |     5 |    91 |     3 ||   112
         Airstrike         |       |       |    25 |   162 |    29 ||   216
 Invoke: Recall Ancestor   |       |       |     3 |     4 |     2 ||     9
         Ancestor Identity |       |       |     1 |       |       ||     1
         Ancestor Life: He |       |       |     1 |       |       ||     1
         Transference      |       |       |       |     1 |       ||     1
  Evoke: Wand              |       |       |       |     3 |       ||     3
    Use: Scroll            |       |     3 |     6 |    15 |     2 ||    26
         Potion            |       |       |       |     1 |       ||     1
   Stab: Sleeping          |       |     1 |       |     2 |       ||     3
         Distracted        |       |       |     1 |     2 |       ||     3
         Confused          |       |       |     1 |     7 |       ||     8
 Armour: Robe              |     1 |     3 |     2 |       |       ||     6
         Steam dragon scal |       |       |       |    51 |     1 ||    52
         Skin              |       |       |       |     4 |       ||     4
  Dodge: Dodged            |     7 |    32 |    15 |   100 |     6 ||   160
  Block: Other             |       |     6 |     8 |       |       ||    14
         Reflection        |       |       |     2 |     2 |       ||     4
         Kite shield       |       |       |     4 |   258 |    15 ||   277
